[Event "Team 45 45 League T42"]
[Site "Internet Chess Club"]
[Date "2009.08.21"]
[Round "4"]
[White "snottgoblin"]
[Black "bobhill"]
[Result "1-0"]
[WhiteElo "2041"]
[BlackElo "2031"]
[Opening "Réti opening"]
[ECO "A30"]
[Time "22:00:06"]
[TimeControl "2700+45"]

1. Nf3 c5 2. c4 Nc6 3. g3 Nf6 4. Bg2 g6 5. a3 Bg7 6. O-O O-O 7. Nc3 d6 8. d3 Bd7
9. Rb1 Ng4 10. Bd2 h5 11. b4 cxb4 12. axb4 e6 13. Qc1 Kh7 14. Ng5+ Kh8 15. b5
Na5 16. h3 Nf6 17. Qa3 Rb8 18. Qxd6 Nh7 19. Nxh7 Kxh7 20. Ne4 b6 21. Ng5+ Kg8
22. c5 Bf6 23. cxb6 axb6 24. h4 Be7 25. Qe5 f6 26. Qe4 f5 27. Qd4 Bf6 28. Qb4
Nb7 29. Rfd1 Be7 30. Qd4 Bc5 31. Qb2 Qe7 32. d4 Bd6 33. f4 Nd8 34. e4 Nf7 35.
exf5 Nxg5 36. hxg5 Rxf5 37. Re1 Rxb5 38. Qc2 Kg7 39. Rxb5 Bxb5 40. d5 Bc5+ 41.
Kh2 Qc7 42. Qb2+ Kh7 43. Qxb5 exd5 44. Qd3 Ra8 45. f5 Ra3 46. fxg6+ Kg7 47. Bc3+
Rxc3 48. Qxc3+ d4 49. Qf3 Kxg6 50. Qf6+ Kh7 51. Re8 Qg7 52. Be4+ {Black resigns}
1-0

[Event "Team 45 45 League T42"]
[Site "Internet Chess Club"]
[Date "2009.08.23"]
[Round "4"]
[White "Beddathanme"]
[Black "jefferyx"]
[Result "1-0"]
[WhiteElo "1867"]
[BlackElo "1996"]
[Opening "Sicilian: Grand Prix attack"]
[ECO "B23"]
[Time "14:00:52"]
[TimeControl "2700+45"]

1. e4 c5 2. Nc3 Nc6 3. f4 g6 4. Nf3 Bg7 5. Bb5 Nd4 6. O-O e6 7. e5 Ne7 8. Nxd4
cxd4 9. Ne4 O-O 10. d3 a6 11. Ba4 b5 12. Bb3 Bb7 13. Nd6 Bc6 14. g4 Nc8 15. Nxc8
Rxc8 16. Qe1 d6 17. f5 exf5 18. e6 fxe6 19. Bxe6+ Kh8 20. Bxc8 Qxc8 21. gxf5
Rxf5 22. Rxf5 Qxf5 23. Qh4 Qf3 24. Qg3 Qd1+ 25. Kf2 Qxc2+ 26. Ke1 Be5 27. Bf4
Qxb2 28. Bxe5+ dxe5 29. Qxe5+ Kg8 30. Qe6+ Kg7 31. Qe5+ Kg8 32. Rd1 Qc3+ 33. Kf1
Qc2 34. Qe2 Qxe2+ 35. Kxe2 Kf7 36. Rc1 Bd5 37. Rc7+ Ke6 38. Ra7 Kf5 39. Rxa6 h5
40. Ra5 Bc6 41. a4 Ke6 42. axb5 Bb7 43. Ra7 Bd5 44. b6 Kd6 45. Rg7 {Black
resigns} 1-0

[Event "Team 45 45 League T42"]
[Site "Internet Chess Club"]
[Date "2009.08.24"]
[Round "4"]
[White "irock"]
[Black "room-matt"]
[Result "1-0"]
[WhiteElo "1702"]
[BlackElo "1739"]
[Opening "Bishop's opening: Berlin defense"]
[ECO "C24"]
[Time "10:01:25"]
[TimeControl "2700+45"]

1. e4 e5 2. Bc4 Nf6 3. d3 Nc6 4. Nc3 Bb4 5. Bg5 h6 6. Bxf6 Qxf6 7. Ne2 d6 8. O-O
Be6 9. Nd5 Bxd5 10. Bxd5 O-O 11. f4 Qe7 12. f5 Bc5+ 13. Kh1 Rab8 14. f6 gxf6 15.
Ng3 f5 16. Nxf5 Qg5 17. Rf3 Kh7 18. Rh3 Ne7 19. Rxh6+ Qxh6 20. Nxh6 Kxh6 21. Bb3
Ng6 22. Qg4 Kg7 23. Rf1 Rbe8 24. Qf5 f6 25. Rf3 {Black resigns} 1-0

[Event "Team 45 45 League T42"]
[Site "Internet Chess Club"]
[Date "2009.08.25"]
[Round "4"]
[White "markgravitygood"]
[Black "Despair"]
[Result "1-0"]
[WhiteElo "2022"]
[BlackElo "1911"]
[Opening "Queen's pawn: English defense"]
[ECO "A40"]
[Time "18:25:11"]
[TimeControl "2700+45"]

1. d4 b6 2. c4 Bb7 3. d5 g6 4. Nc3 Bg7 5. e4 d6 6. f4 Nd7 7. Nf3 Ngf6 8. Bd3 c6
9. e5 Ng8 10. e6 fxe6 11. dxe6 Nc5 12. Ng5 Qc8 13. Qc2 Nh6 14. Bxg6+ hxg6 15.
Qxg6+ Kf8 16. Bd2 Qe8 17. Qc2 d5 18. b4 Na6 19. Rb1 dxc4 20. Nce4 c3 21. Bxc3
Bxc3+ 22. Qxc3 Kg8 23. O-O Nc7 24. f5 Nd5 25. Qg3 Qb8 26. f6 Qxg3 27. f7+ Kf8
28. Nxg3 Ng4 29. h3 Nge3 30. Rf3 a5 31. b5 c5 32. Rb3 Nxg2 33. Kxg2 Nc7 34. N3e4
Bd5 35. Rbe3 Bxa2 36. Nc3 Bd5 37. Nxd5 Nxd5 38. Rd3 Nf6 39. Rf4 Kg7 40. Ne4 Nxe4
41. Rxe4 Rad8 42. Rg3+ Kf6 43. Rf3+ Kg6 44. Rg4+ Kh5 45. Rf5+ Kh6 46. Kg3 Rd4
47. Rfg5 Rxg4+ 48. Kxg4 Rd8 49. Rg8 Rd4+ 50. Kf3 Rd3+ 51. Ke2 {Black forfeits on
time} 1-0

[Event "Team 45 45 League T42"]
[Site "Internet Chess Club"]
[Date "2009.08.25"]
[Round "4"]
[White "makramkozman"]
[Black "charles-allen"]
[Result "0-1"]
[WhiteElo "1700"]
[BlackElo "1898"]
[Opening "Petrov: Nimzovich attack"]
[ECO "C42"]
[Time "21:00:51"]
[TimeControl "2700+45"]

1. e4 e5 2. Nf3 Nf6 3. Nxe5 d6 4. Nf3 Nxe4 5. Nc3 Nxc3 6. dxc3 Be7 7. Bd3 Nc6 8.
Bf4 Be6 9. Qd2 Qd7 10. h3 Bf6 11. Kd1 O-O-O 12. Re1 h6 13. a4 g5 14. Bh2 g4 15.
hxg4 Bxg4 16. b4 Nxb4 17. Re4 Bxf3+ 18. gxf3 Nxd3 19. cxd3 Qc6 20. Rc4 Qxf3+ 21.
Kc2 Bg5 22. Bf4 Rhe8 23. Kb3 Re2 24. Qc1 Qxf2 25. Bxg5 hxg5 26. a5 d5 27. a6
{White resigns} 0-1

[Event "Team 45 45 League T42"]
[Site "Internet Chess Club"]
[Date "2009.08.23"]
[Round "4"]
[White "Portola"]
[Black "quotha"]
[Result "1-0"]
[WhiteElo "1715"]
[BlackElo "1640"]
[Opening "Queen's pawn game"]
[ECO "D02"]
[Time "17:53:05"]
[TimeControl "2700+45"]

1. d4 d5 2. Nf3 h6 3. Bf4 Bf5 4. e3 Nf6 5. Bd3 e6 6. h3 Be7 7. c3 Bxd3 8. Qxd3
O-O 9. Nbd2 b6 10. O-O c5 11. e4 Nc6 12. e5 Nd7 13. Rfe1 Rc8 14. Nf1 cxd4 15.
Nxd4 Ndb8 16. a3 Bg5 17. Bh2 Qd7 18. f4 Be7 19. Rac1 Na5 20. Ne3 Nbc6 21. Red1
Nb7 22. b4 a5 23. Nf3 axb4 24. axb4 Ra8 25. Ra1 Qc7 26. Nd4 Nxd4 27. Qxd4 Rfc8
28. Rxa8 Rxa8 29. f5 Rc8 30. Rd3 Nd8 31. f6 Bf8 32. Qg4 g6 33. Bf4 Qa7 34. Nxd5
Kh7 35. h4 Rc4 36. Ne3 Rc8 37. Kh2 Qa6 38. Rd7 Qb5 39. Qd1 Rxc3 40. Rxd8 Rxe3
41. Rxf8 Rd3 42. Rxf7+ Kg8 43. Rg7+ Kf8 44. Qc1 {Black resigns} 1-0

[Event "Team 45 45 League T42"]
[Site "Internet Chess Club"]
[Date "2009.08.23"]
[Round "4"]
[White "pelayo"]
[Black "BraafPaard"]
[Result "1/2-1/2"]
[WhiteElo "1593"]
[BlackElo "1601"]
[Opening "Réti accepted"]
[ECO "A09"]
[Time "11:00:10"]
[TimeControl "2700+45"]

1. Nf3 d5 2. c4 dxc4 3. Nc3 Nf6 4. e3 Bg4 5. Bxc4 Nc6 6. O-O e6 7. h3 Bh5 8. Be2
Be7 9. d4 a6 10. g4 Bg6 11. Nh4 Ne4 12. Nxg6 Nxc3 13. bxc3 hxg6 14. Kg2 Qd5+ 15.
Bf3 Qc4 16. Qb3 Qxb3 17. axb3 f6 18. b4 Kf7 19. d5 Nd8 20. dxe6+ Kxe6 21. Rd1 c6
22. Ba3 Nf7 23. c4 Ne5 24. Be2 Rhd8 25. f4 Nd7 26. c5 Kf7 27. Bc4+ Ke8 28. Ra2
Nf8 29. Rad2 Rxd2+ 30. Rxd2 Rd8 31. Rxd8+ Bxd8 32. h4 Ke7 33. g5 f5 34. Kf3 Ne6
35. Bb2 Bc7 36. Bxe6 Kxe6 37. Bxg7 a5 38. bxa5 Bxa5 39. e4 b5 40. cxb6 Bxb6 41.
exf5+ Kxf5 42. Bc3 c5 43. Kg3 c4 44. Kf3 Bc7 45. Bd4 Bxf4 46. Bc3 Bc1 47. Kg3
Bf4+ 48. Kf3 Be5 49. Bd2 c3 50. Bc1 c2 51. Ke2 Bf4 52. Bxf4 Kxf4 53. Kd2 Kg4 54.
Kxc2 Kxh4 55. Kd2 Kxg5 56. Ke3 Kg4 57. Kf2 Kh3 58. Kg1 {Game drawn by mutual
agreement} 1/2-1/2

[Event "Team 45 45 League T42"]
[Site "Internet Chess Club"]
[Date "2009.08.22"]
[Round "4"]
[White "kenjr"]
[Black "awb"]
[Result "1-0"]
[WhiteElo "1896"]
[BlackElo "1738"]
[Opening "French: MacCutcheon variation"]
[ECO "C12"]
[Time "20:30:00"]
[TimeControl "2700+45"]

1. d4 Nf6 2. Bg5 e6 3. e4 d5 4. Nc3 Bb4 5. a3 Bxc3+ 6. bxc3 dxe4 7. Ne2 c6 8.
Ng3 Qa5 9. Bd2 Nbd7 10. Bc4 Nd5 11. Nxe4 O-O 12. O-O N7b6 13. Bd3 Qa4 14. Nc5
Qa5 15. c4 Nc3 16. Qe1 Nd7 17. Bxc3 Qc7 18. Qe4 Nf6 19. Qh4 h6 20. Rfe1 b6 21.
Ne4 Nh7 22. Re3 f5 23. Nd2 Nf6 24. Nf3 Kh7 25. Rae1 Ng4 26. Ng5+ Kg8 27. Nxe6
Bxe6 28. Rxe6 c5 29. d5 Rad8 30. f3 Nf6 31. Bxf6 gxf6 32. Qxh6 Qf7 33. Re7
{Black resigns} 1-0

[Event "Team 45 45 League T42"]
[Site "Internet Chess Club"]
[Date "2009.08.23"]
[Round "4"]
[White "fishhead"]
[Black "SleepyEyes"]
[Result "1-0"]
[WhiteElo "1965"]
[BlackElo "1706"]
[Opening "Philidor: exchange variation"]
[ECO "C41"]
[Time "22:01:57"]
[TimeControl "2700+45"]

1. e4 e5 2. Nf3 d6 3. d4 exd4 4. Nxd4 Nf6 5. Nc3 Be7 6. Bd3 O-O 7. O-O Nc6 8.
Nxc6 bxc6 9. h3 Bb7 10. f4 c5 11. e5 dxe5 12. fxe5 Qd4+ 13. Kh1 Qxe5 14. Bf4 Qe6
15. Kh2 Qc6 16. Rf2 Rad8 17. Qf1 Bd6 18. Re1 Nh5 19. Bxd6 Qxd6+ 20. Kg1 Ng3 21.
Bxh7+ Kxh7 22. Qd3+ Qxd3 23. cxd3 Rxd3 24. Re7 Ba6 25. Rxc7 Rfd8 26. Rfxf7 Nh5
27. Rxc5 Kg6 28. Rxa7 Bc8 29. Rcc7 R8d7 30. Rxd7 Bxd7 31. a4 Nf6 32. Ra6 Kf5 33.
Rb6 Kf4 34. Kh2 Rd2 35. a5 Bf5 36. a6 Ne4 37. a7 Nxc3 38. Rb4+ Ke5 39. a8=Q Nd5
40. Qb8+ Ke6 41. Qe8+ Kf6 42. Rb7 g6 43. h4 Nf4 44. Rf7# {Black checkmated} 1-0

[Event "Team 45 45 League T42"]
[Site "Internet Chess Club"]
[Date "2009.08.24"]
[Round "4"]
[White "jolin54"]
[Black "CREDITorDEBIT"]
[Result "0-1"]
[WhiteElo "1431"]
[BlackElo "1822"]
[Opening "Queen's pawn game"]
[ECO "A46"]
[Time "19:00:34"]
[TimeControl "2700+45"]

1. d4 Nf6 2. Nf3 d6 3. e3 g6 4. b3 Bg7 5. Bb2 c6 6. c4 Nbd7 7. Nc3 Qc7 8. e4 e5
9. Be2 O-O 10. O-O Nh5 11. g3 Ndf6 12. d5 c5 13. Nd2 Bh3 14. Re1 Qd7 15. Bf1
Bxf1 16. Nxf1 Rae8 17. Bc1 Qh3 18. Bg5 a6 19. Qd2 Nd7 20. Bh6 f5 21. Re3 Bxh6
22. f4 fxe4 23. Nxe4 exf4 24. gxf4 Qg4+ 25. Kh1 Bxf4 26. Qd3 Bxe3 27. Nxe3 Qxe4+
28. Qxe4 Rxe4 29. Ng2 Rf2 30. Rg1 Re5 31. a3 Ng3+ 32. hxg3 Rh5+ 33. Nh4 Ne5 34.
Rg2 Rf1+ 35. Rg1 Rf3 36. Kg2 Rxb3 37. Rf1 Rxa3 38. Rf6 Nxc4 39. Re6 Rxd5 40. Nf3
Nd2 41. Rf6 Nxf3 42. Rxf3 Rxf3 43. Kxf3 Rd3+ {White resigns} 0-1

[Event "Team 45 45 League T42"]
[Site "Internet Chess Club"]
[Date "2009.08.24"]
[Round "4"]
[White "woodmover"]
[Black "HotRats"]
[Result "0-1"]
[WhiteElo "1670"]
[BlackElo "1337"]
[Opening "Scandinavian defense"]
[ECO "B01"]
[Time "18:30:19"]
[TimeControl "2700+45"]

1. e4 d5 2. exd5 Nf6 3. d4 Bg4 4. Qd3 Qxd5 5. c4 Qh5 6. Nc3 Nc6 7. Be3 O-O-O 8.
a3 e6 9. Be2 Bc5 10. Bxg4 Qxg4 11. Nge2 Bxd4 12. Nxd4 Nxd4 13. Bxd4 Rxd4 14. Qg3
Qxg3 15. hxg3 Rxc4 16. Rd1 Rd8 17. Ke2 h6 18. Ke3 Ng4+ 19. Ke2 c6 20. f4 b5 21.
Kf3 Nf6 22. Rhe1 Nd5 23. Ne4 Rc2 24. Re2 Rxe2 25. Kxe2 Kc7 26. Nc5 Kb6 27. b4
Nc3+ {White resigns} 0-1

[Event "Team 45 45 League T42"]
[Site "Internet Chess Club"]
[Date "2009.08.22"]
[Round "4"]
[White "dscvdchk"]
[Black "OOB1"]
[Result "1-0"]
[WhiteElo "1615"]
[BlackElo "1492"]
[Opening "QGD: 4.Nf3"]
[ECO "D37"]
[Time "22:03:26"]
[TimeControl "2700+45"]

1. d4 d5 2. c4 e6 3. Nf3 Nf6 4. Nc3 a6 5. e3 c5 6. Be2 dxc4 7. Bxc4 b5 8. Bd3 c4
9. Bc2 Bb7 10. a3 Be7 11. O-O O-O 12. e4 Nbd7 13. Re1 Qc7 14. h3 Rad8 15. Qe2
Rfe8 16. Be3 Nf8 17. Ne5 N8d7 18. Nf3 Nf8 19. Rad1 Ng6 20. e5 Nd5 21. Nxd5 Bxd5
22. Ng5 Rf8 23. Qh5 h6 24. Nxf7 Kxf7 25. Qxg6+ Kg8 26. Qh7+ Kf7 27. Bg6# {Black
checkmated} 1-0

[Event "Team 45 45 League T42"]
[Site "Internet Chess Club"]
[Date "2009.08.20"]
[Round "4"]
[White "EyeAm"]
[Black "UriahHeep"]
[Result "1-0"]
[WhiteElo "1533"]
[BlackElo "1399"]
[Opening "Hungarian defense"]
[ECO "C50"]
[Time "18:00:06"]
[TimeControl "2700+45"]

1. e4 e5 2. Nf3 Nc6 3. Bc4 Be7 4. O-O Nf6 5. d3 O-O 6. a3 d6 7. Nc3 Bg4 8. h3
Bh5 9. g4 Nxg4 10. hxg4 Bxg4 11. Be3 Kh8 12. Kg2 f5 13. Be6 Rf6 14. exf5 Bxf5
15. Bxf5 Rxf5 16. Rh1 Nd4 17. Nxd4 exd4 18. Bxd4 Rg5+ 19. Kf1 Bf6 20. Bxf6 Qxf6
21. Ne4 Qg6 22. Nxg5 Qxg5 23. Qh5 Qxh5 24. Rxh5 g6 25. Rb5 b6 26. Re1 a6 27. Rb4
a5 28. Rbe4 h5 29. Re8+ Rxe8 30. Rxe8+ Kg7 31. Re7+ Kf6 32. Rxc7 Kg5 33. Rd7 Kg4
34. Rxd6 g5 35. Kg2 h4 36. Rd4+ Kf5 37. Kh3 {Black resigns} 1-0

[Event "Team 45 45 League T42"]
[Site "Internet Chess Club"]
[Date "2009.08.21"]
[Round "4"]
[White "arconia"]
[Black "wekabird"]
[Result "0-1"]
[WhiteElo "1357"]
[BlackElo "1253"]
[Opening "Caro-Kann defense"]
[ECO "B10"]
[Time "20:00:11"]
[TimeControl "2700+45"]

1. e4 c6 2. Nf3 d5 3. e5 e6 4. Be2 Ne7 5. O-O Ng6 6. d4 b6 7. c3 Ba6 8. Bxa6
Nxa6 9. h3 Be7 10. Nbd2 O-O 11. Nh2 Nc7 12. f4 c5 13. Qh5 cxd4 14. cxd4 Bb4 15.
Ndf3 Ne7 16. Ng4 Nf5 17. Kh2 Be7 18. Ne3 g6 19. Nxf5 gxh5 20. Nh6+ Kh8 21. f5
exf5 22. Nxf5 Ne6 23. Nh6 Rc8 24. Rg1 Rc4 25. g4 hxg4 26. Rxg4 Rc2+ 27. Kh1 Qe8
28. Ng5 Qb5 29. Nhxf7+ Kg7 30. Nxe6+ Kxf7 31. Nxf8 Bxf8 32. Rf4+ Ke7 33. Rf6 Qe2
34. Bd2 Rxd2 {White resigns} 0-1

[Event "Team 45 45 League T42"]
[Site "Internet Chess Club"]
[Date "2009.08.23"]
[Round "4"]
[White "WilmaP"]
[Black "seldredg"]
[Result "0-1"]
[WhiteElo "1196"]
[BlackElo "1422"]
[Opening "Scandinavian: Pytel-Wade variation"]
[ECO "B01"]
[Time "12:06:12"]
[TimeControl "2700+45"]

1. e4 d5 2. exd5 Qxd5 3. Nc3 Qd6 4. d4 Nf6 5. Nf3 a6 6. Bc4 b5 7. Bb3 Bb7 8. Ng5
e6 9. a3 Bxg2 10. Rg1 Qxh2 11. Ne2 h6 12. Bf4 Qh4 13. Rxg2 hxg5 14. Bxc7 Ng4 15.
Qd2 Nc6 16. O-O-O Nxf2 17. Rf1 Ne4 18. Qe3 Bd6 19. Bxd6 Nxd6 20. Qf3 Qe4 21. Qg3
Nxd4 22. Qxd6 Nxb3+ 23. Kb1 Qxg2 24. Re1 Rh1 25. Rxh1 Qxh1+ 26. Ka2 Na5 27. Nd4
Qd5+ 28. Qxd5 exd5 29. Nf5 g6 30. Nd6+ Ke7 31. b4 Nc4 32. Nb7 g4 33. Nc5 g3 34.
Nd3 g2 35. Nf4 g1=Q 36. Nxd5+ Kd6 37. Nc3 Qc1 38. Ne4+ Ke5 39. Kb3 Qb2# {White
checkmated} 0-1

[Event "Team 45 45 League T42"]
[Site "Internet Chess Club"]
[Date "2009.08.21"]
[Round "4"]
[White "juniorVishy"]
[Black "SATELLITE-DAN"]
[Result "0-1"]
[WhiteElo "1458"]
[BlackElo "1728"]
[Opening "QGD: 4.Bg5 Be7"]
[ECO "D53"]
[Time "21:00:14"]
[TimeControl "2700+45"]

1. d4 Nf6 2. c4 e6 3. Nc3 d5 4. Bg5 Be7 5. Nf3 c6 6. e3 Nbd7 7. Bd3 dxc4 8. Bxc4
b5 9. Bb3 Bb7 10. Qd3 a6 11. O-O Rc8 12. Rac1 Nc5 13. Qc2 Ncd7 14. Rfd1 c5 15.
Qe2 c4 16. Bc2 O-O 17. e4 Nh5 18. Bxe7 Qxe7 19. a3 Nf4 20. Qe3 Ng6 21. Ne2 Nf6
22. Ng3 h6 23. h3 Rcd8 24. Bb1 Bc6 25. a4 Qb7 26. axb5 axb5 27. Re1 Rfe8 28. b3
cxb3 29. Qxb3 Ra8 30. Qc3 Rec8 31. Qb2 b4 32. Rc4 b3 33. Rec1 Ba4 34. Rxc8+ Rxc8
35. Rxc8+ Qxc8 36. Bd3 Qb7 37. Nd2 Nf4 38. Bc4 h5 39. f3 h4 40. Ne2 Nxe2+ 41.
Bxe2 Qb6 42. Bc4 e5 43. Bxb3 Bxb3 44. Nxb3 exd4 45. Kh2 d3 46. Qc3 Qe3 47. Nc1
Qf4+ 48. Kh1 d2 49. Ne2 d1=Q+ 50. Ng1 Nh5 51. Qc8+ Kh7 52. Qf5+ Qxf5 53. exf5
Ng3+ 54. Kh2 Ne2 55. Nxe2 Qxe2 56. Kg1 Kg8 57. f6 gxf6 58. Kh2 Kg7 59. Kg1 Kg6
60. Kh2 Kg5 61. Kg1 Kf4 62. Kh2 Ke3 63. Kg1 Qf2+ 64. Kh2 Qg3+ 65. Kh1 Qe1+ 66.
Kh2 f5 67. f4 f6 68. g3 hxg3+ 69. Kg2 Qf2+ 70. Kh1 Qh2# {White checkmated} 0-1

[Event "Team 45 45 League T42"]
[Site "Internet Chess Club"]
[Date "2009.08.21"]
[Round "4"]
[White "alaskauk"]
[Black "ImTbone"]
[Result "1-0"]
[WhiteElo "1525"]
[BlackElo "1316"]
[Opening "Scandinavian defense"]
[ECO "B01"]
[Time "10:02:45"]
[TimeControl "2700+45"]

1. e4 d5 2. exd5 Nf6 3. Nc3 Nxd5 4. Nxd5 Qxd5 5. Nf3 Nc6 6. c3 Bf5 7. Be2 e5 8.
O-O e4 9. Re1 O-O-O 10. Nh4 Be6 11. g3 g5 12. Ng2 Bc5 13. Ne3 Bxe3 14. fxe3 Ne5
15. Qa4 Nf3+ 16. Bxf3 exf3 17. Kf2 a6 18. e4 Qc5+ 19. d4 Qb6 20. Qb4 Qxb4 21.
cxb4 Rxd4 22. Bxg5 Rxb4 23. Kxf3 Rxb2 24. Bf6 Bg4+ 25. Ke3 Rxh2 26. Bxh8 Rg2 27.
Kf4 Be6 28. Rh1 Rf2+ 29. Ke3 Rg2 30. Rhg1 Rh2 31. a3 f5 32. Rh1 Rc2 33. exf5
Bxf5 34. Rhf1 Bg6 35. Rad1 c5 36. Rc1 c4 37. Rxc2 Bxc2 38. Rf7 c3 39. Bxc3 b5
40. Ba5 Kb8 41. Kf4 Bb1 42. Kg5 Bc2 43. Kh6 Bb1 44. g4 Bc2 45. g5 Bb1 46. Rxh7
Bxh7 47. Kxh7 Kb7 48. g6 Kc6 49. g7 Kc5 50. g8=Q Kd4 51. Qg5 Ke4 52. Kg6 Kd4 53.
Kf6 Ke4 54. Qe5+ Kd3 55. Qf4 Ke2 56. Qg3 Kd1 57. Qd3+ Kc1 58. Qd2+ Kb1 59. Bc3
b4 60. Qb2# {Black checkmated} 1-0

[Event "Team 45 45 League T42"]
[Site "Internet Chess Club"]
[Date "2009.08.23"]
[Round "4"]
[White "rook9999"]
[Black "malihini"]
[Result "1-0"]
[WhiteElo "1419"]
[BlackElo "1241"]
[Opening "Caro-Kann: exchange variation"]
[ECO "B13"]
[Time "19:00:43"]
[TimeControl "2700+45"]

1. e4 c6 2. d4 d5 3. exd5 cxd5 4. Nf3 Nf6 5. Bd3 Nc6 6. Nc3 e6 7. O-O Be7 8. Bf4
O-O 9. Be2 Nh5 10. Be3 a6 11. Ne5 Nf6 12. Nxc6 bxc6 13. Qd2 Qb6 14. Na4 Qb4 15.
Qxb4 Bxb4 16. Nb6 Rb8 17. Nxc8 Rfxc8 18. Bxa6 Rc7 19. Bf4 Ba5 20. Bxc7 Bxc7 21.
b3 e5 22. dxe5 Bxe5 23. Rad1 Rb6 24. Bd3 c5 25. Rfe1 Re6 26. Bf5 Re7 27. f4 Bd6
28. Rxe7 Bxe7 29. a4 d4 30. a5 Nd5 31. a6 Bd6 32. Re1 g6 33. Re8+ Kg7 34. a7 Nc7
35. Rc8 gxf5 36. Rxc7 Bxc7 37. a8=Q Bxf4 38. Qd5 Be3+ 39. Kf1 f6 40. Qxf5 {Black
resigns} 1-0

[Event "Team 45 45 League T42"]
[Site "Internet Chess Club"]
[Date "2009.08.23"]
[Round "4"]
[White "dpmdpm"]
[Black "baseball613"]
[Result "1-0"]
[WhiteElo "1274"]
[BlackElo "1151"]
[Opening "Caro-Kann: Steinitz variation"]
[ECO "B17"]
[Time "09:45:15"]
[TimeControl "2700+45"]

1. e4 c6 2. d4 d5 3. Nc3 dxe4 4. Nxe4 Nd7 5. Nf3 Ngf6 6. Bd3 Nxe4 7. Bxe4 Nf6 8.
Bd3 Bg4 9. c3 e6 10. Bf4 c5 11. Bb5+ Nd7 12. dxc5 Bxc5 13. Bxd7+ Qxd7 14. Qxd7+
Kxd7 15. Ne5+ Ke7 16. Nxg4 f5 17. Ne5 Bd6 18. Bg5+ Ke8 19. f4 Rg8 20. Rd1 Bc7
21. O-O h6 22. Bh4 g5 23. Bg3 gxf4 24. Bxf4 Rd8 25. Rxd8+ Kxd8 26. Rd1+ Ke8 27.
Rd4 Rg4 28. g3 Bb6 29. Be3 Rxd4 30. Bxd4 Bxd4+ 31. cxd4 Ke7 32. Kf2 Kd6 33. Nf3
Kd5 34. Ke3 b5 35. Ne5 a5 36. b3 h5 37. h4 a4 38. bxa4 bxa4 39. Nd3 a3 40. Nf4+
Kc4 41. Nxe6 Kc3 42. d5 Kb2 43. d6 Kxa2 44. d7 Kb2 45. d8=Q a2 46. Qd2+ Kb1 47.
Qb4+ Kc2 48. Nd4+ Kd1 49. Qb3+ Ke1 50. Qxa2 {Black resigns} 1-0

[Event "Team 45 45 League T42"]
[Site "Internet Chess Club"]
[Date "2009.08.24"]
[Round "4"]
[White "rubo"]
[Black "quaksterjohny"]
[Result "0-1"]
[WhiteElo "1681"]
[BlackElo "1524"]
[Opening "Bird's opening"]
[ECO "A03"]
[Time "17:30:54"]
[TimeControl "2700+45"]

1. f4 d5 2. Nf3 Nf6 3. e3 Bg4 4. Be2 Bxf3 5. Bxf3 Nbd7 6. b3 e5 7. fxe5 Nxe5 8.
Bb2 Bd6 9. O-O c6 10. d3 Qc7 11. Nd2 O-O-O 12. a4 h5 13. h3 g5 14. Kf2 g4 15.
hxg4 Nfxg4+ 16. Bxg4+ Nxg4+ 17. Ke2 Rhe8 18. Rf3 Bf4 19. Nf1 d4 20. e4 Be3 21.
Bc1 Bxc1 22. Qxc1 Rh8 23. Qf4 Rd7 24. a5 Ne5 25. Rh3 Ng6 26. Qf6 Rg8 27. Rf3 Ne5
28. Rg3 Rxg3 29. Nxg3 Nxd3 30. Nxh5 Qh2 31. Qf3 Ne5 32. Qh3 Qxh3 33. gxh3 d3+
34. cxd3 Rxd3 35. Rb1 Rxh3 36. Nf4 Rf3 37. Ng2 Kc7 38. b4 Ra3 39. Ne1 Ra2+ 40.
Ke3 Kd6 41. Rd1+ Ke6 42. Rd4 b6 43. axb6 axb6 44. Nd3 Ra3 45. Ke2 Rxd3 46. Rxd3
Nxd3 47. Kxd3 Ke5 48. Ke3 c5 49. bxc5 bxc5 50. Kd3 c4+ 51. Ke3 c3 52. Kd3 c2 53.
Kxc2 Kxe4 54. Kd2 Kf4 55. Ke2 Kg3 56. Kf1 f5 57. Kg1 Kf3 58. Kh2 f4 59. Kg1 Ke2
60. Kh1 f3 61. Kh2 f2 62. Kh1 f1=Q+ 63. Kh2 Qf8 64. Kh3 Qg8 65. Kh4 Kf3 66. Kh5
Qg7 {White resigns} 0-1

[Event "Team 45 45 League T42"]
[Site "Internet Chess Club"]
[Date "2009.08.23"]
[Round "4"]
[White "whale5970"]
[Black "rayngrant"]
[Result "1-0"]
[WhiteElo "1531"]
[BlackElo "1594"]
[Opening "French: advance variation"]
[ECO "C02"]
[Time "09:00:50"]
[TimeControl "2700+45"]

1. e4 e6 2. d4 d5 3. e5 c5 4. c3 Nc6 5. f4 cxd4 6. cxd4 Qb6 7. a3 Qxd4 8. Bb5
Qxd1+ 9. Kxd1 Bd7 10. Bd3 Nd4 11. Be3 Ba4+ 12. Ke1 Nc2+ 13. Bxc2 Bxc2 14. Kf2
Nh6 15. Nc3 Ng4+ 16. Kf3 Nxe3 17. Kxe3 Bc5+ 18. Kd2 Bb3 19. Nf3 Rc8 20. Nb5 Ke7
21. Nbd4 Bc4 22. b3 Ba6 23. b4 Bxd4 24. Nxd4 Bc4 25. Rhe1 a6 26. a4 b5 27. axb5
axb5 28. Ra7+ Kd8 29. Rea1 Rf8 30. Ra8 Re8 31. Rxc8+ Kxc8 32. Ra8+ Kd7 33. Ra7+
Kd8 34. Rxf7 Rg8 35. Nxe6+ Ke8 36. Ra7 h5 37. Ra8+ Kf7 38. Ng5+ Kg6 39. Rxg8
{Black resigns} 1-0

[Event "Team 45 45 League T42"]
[Site "Internet Chess Club"]
[Date "2009.08.22"]
[Round "4"]
[White "BenjaminSisko"]
[Black "Zappy"]
[Result "1-0"]
[WhiteElo "1537"]
[BlackElo "1545"]
[Opening "Réti opening"]
[ECO "A04"]
[Time "10:01:41"]
[TimeControl "2700+45"]

1. Nf3 Nc6 2. g3 e5 3. d3 Nf6 4. e4 d5 5. Nbd2 dxe4 6. dxe4 Bc5 7. Bg2 O-O 8.
O-O Bg4 9. c3 Qe7 10. b4 Bb6 11. h3 Bh5 12. Qc2 Rfd8 13. Nc4 Bg6 14. Re1 Rd7 15.
a4 a6 16. Nxb6 cxb6 17. Nh4 Rad8 18. Be3 Qe6 19. Nxg6 hxg6 20. Bxb6 Rd2 21. Qc1
Nxb4 22. Bxd8 Rxf2 23. cxb4 {Black resigns} 1-0

[Event "Team 45 45 League T42"]
[Site "Internet Chess Club"]
[Date "2009.08.24"]
[Round "4"]
[White "imawesome"]
[Black "nobull"]
[Result "1-0"]
[WhiteElo "1511"]
[BlackElo "1517"]
[Opening "Sicilian: Alapin's variation (2.c3)"]
[ECO "B22"]
[Time "12:00:04"]
[TimeControl "2700+45"]

1. e4 c5 2. c3 Nf6 3. e5 Nd5 4. d4 cxd4 5. Nf3 d6 6. cxd4 Bg4 7. Bc4 Nb6 8. Bb3
Nc6 9. Bxf7+ Kxf7 10. Ng5+ Ke8 11. Qxg4 dxe5 12. dxe5 Qd4 13. Qxd4 Nxd4 14. Na3
h6 15. Ne4 e6 16. Be3 Bxa3 17. Bxd4 Bb4+ 18. Bc3 Be7 19. O-O-O Nd5 20. Kb1 Kf7
21. Rd3 Rhf8 22. Bd4 b6 23. Nc3 Nb4 24. Rd2 Rfd8 25. Rhd1 Nd5 26. Nxd5 Rxd5 27.
Bc3 Rxd2 28. Rxd2 Rd8 29. Rxd8 Bxd8 30. Kc2 Kg6 31. Kd3 Kf5 32. Bb4 Kxe5 33.
Bc3+ Kf5 34. Bxg7 Kg6 35. Be5 Be7 36. f4 Kf5 37. g3 h5 38. h3 Bc5 39. Bd4 Be7
40. Ke3 Bd6 41. Kf3 Bc7 42. g4+ hxg4+ 43. hxg4+ Kg6 44. Ke4 Bb8 45. Be5 Bxe5 46.
Kxe5 Kf7 47. f5 exf5 48. gxf5 Ke7 49. f6+ Kf7 50. b4 a6 51. a4 a5 52. b5 Ke8 53.
Ke6 Kf8 54. f7 {Black resigns} 1-0

[Event "Team 45 45 League T42"]
[Site "Internet Chess Club"]
[Date "2009.08.22"]
[Round "4"]
[White "TheronUAL"]
[Black "fishhead"]
[Result "0-1"]
[WhiteElo "1502"]
[BlackElo "1941"]
[Opening "Alekhine's defense: Sämisch attack"]
[ECO "B02"]
[Time "17:00:06"]
[TimeControl "2700+45"]

1. e4 Nf6 2. e5 Nd5 3. Nc3 Nxc3 4. dxc3 d6 5. Nf3 g6 6. Bc4 Bg7 7. Bf4 O-O 8.
O-O Nc6 9. Re1 Bg4 10. exd6 cxd6 11. h3 Bxf3 12. Qxf3 Qb6 13. Bd5 Ne5 14. Bxe5
Bxe5 15. Bxb7 Rab8 16. Bd5 Qxb2 17. Rad1 Qxc2 18. Bb3 Qf5 19. Qxf5 gxf5 20. c4
Rfd8 21. c5 Kg7 22. f4 Bf6 23. c6 Rbc8 24. Rc1 e6 25. c7 Rd7 26. Red1 d5 27. Rc2
Rcxc7 28. Rdc1 Rxc2 29. Rxc2 Bd4+ 30. Kf1 Be3 31. g3 d4 32. Re2 h5 33. h4 Kf6
34. a4 Ke7 35. Bc4 Rc7 36. Bb5 f6 37. Rb2 e5 38. Rb4 Bd2 39. Rc4 Rxc4 40. Bxc4
e4 41. Ke2 Bc3 42. Bg8 d3+ 43. Kd1 e3 {White resigns} 0-1